 Dungeon Crawl Stone Soup version 0.22-a0-362-g535178c (webtiles) character file.

4 Amnesiac the Grave Robber (level 1, 0/13 HPs)
             Began as a Mummy Necromancer on Apr 20, 2018.
             Slain by an adder (1 damage)
             ... on level 2 of the Dungeon.
             The game lasted 00:00:31 (377 turns).

Amnesiac the Grave Robber (Mummy Necromancer)        Turns: 377, Time: 00:00:32

Health: 0/13       AC:  2    Str: 11    XL:     1   Next: 50%
Magic:  0/4        EV: 12    Int: 14    God:
Gold:   23         SH:  0    Dex: 12    Spells: 4/5 levels left

rFire    x . .     SeeInvis .   (no weapon)
rCold    + . .     Gourm    .   (no shield)
rNeg     + + +     Faith    .   a - +0 robe
rPois    ∞         Spirit   .   (no helmet)
rElec    .         Reflect  .   (no cloak)
rCorr    .         Harm     .   (no gloves)
MR       .....                  (no boots)
Stlth    ++........             (no amulet)
HPRegen  0.04/turn              (no ring)
MPRegen  0.09/turn              (no ring)

@: no status effects
A: no food or potions, fire vulnerability, cold resistance 1, negative energy
resistance 3, torment resistance, unbreathing
a: no special abilities


You were on level 2 of the Dungeon.
You were not hungry.

You visited 1 branch of the dungeon, and saw 2 of its levels.

You collected 23 gold pieces.

Inventory:

Hand Weapons
 d - a +1 hunting sling of flaming
Armour
 a - a +0 robe (worn)
Scrolls
 b - a scroll of amnesia {!r, unknown}
 c - 3 scrolls of identify {!r, unknown}


   Skills:
 + Level 0.2 Fighting
 * Level 1.7 Dodging
 - Level 1.5 Stealth
 + Level 2.8 Spellcasting
 + Level 4.0 Necromancy


You had 4 spell levels left.
You knew the following spells:

 Your Spells              Type           Power        Failure   Level  Hunger
a - Pain                  Necr           ##..         4%          1    N/A

Dungeon Overview and Level Annotations

Branches:
Dungeon (2/15)

Altars:


Innate Abilities, Weirdness & Mutations

You do not eat or drink.
Your flesh is vulnerable to fire.
You are immune to poison.
Your flesh is cold resistant. (rC+)
You are immune to negative energy. (rN+++)
You are immune to unholy pain and torment.
You can survive without breathing.


Message History

[Y]es or [N]o only, please.
Really attack while wielding your +1 hunting sling of flaming? [Y]es or [N]o only, please.
Really attack while wielding your +1 hunting sling of flaming?
Okay, then.
Wield which item (- for none, * to show all)? (? for menu, Esc to quit)
Your +1 hunting sling of flaming stops flaming.
You are now empty-handed.
You miss the kobold.
The kobold is heavily wounded.
The kobold closely misses you.
You hit the kobold.
You kill the kobold!
No target in view!
Found an escape hatch in the floor.
A dart slug comes into view.
You see here a dagger.
Found a ration.
A dart slug is nearby!
Casting: Pain (safe; 4% risk of failure)
Confirm with . or Enter, or press ? or * to list all spells.
You don't have enough magic to cast that spell.
The dart slug closely misses you.
There is an escape hatch in the floor here.
Casting: Pain (safe; 4% risk of failure)
Confirm with . or Enter, or press ? or * to list all spells.
You don't have enough magic to cast that spell.
You hit the dart slug but do no damage. The dart slug launches a dart at you.
The slug dart hits you!
* * * LOW HITPOINT WARNING * * *
Casting: Pain (safe; 4% risk of failure)
Confirm with . or Enter, or press ? or * to list all spells.
Aiming: Pain (safe; 4% risk of failure)
Press: ? - help, Shift-Dir - straight line, f - dart slug
Aim: a dart slug (chance to defeat MR: 83%)
The dart slug barely resists.
You hit the dart slug but do no damage. The dart slug bites you.
* * * LOW HITPOINT WARNING * * *
Casting: Pain (safe; 4% risk of failure)
Confirm with . or Enter, or press ? or * to list all spells.
You don't have enough magic to cast that spell.
Casting: Pain (safe; 4% risk of failure)
Confirm with . or Enter, or press ? or * to list all spells.
You don't have enough magic to cast that spell.
You hit the dart slug but do no damage. The dart slug launches a dart at you.
The slug dart misses you.
Casting: Pain (safe; 4% risk of failure)
Confirm with . or Enter, or press ? or * to list all spells.
You don't have enough magic to cast that spell.
The dart slug bites you but does no damage.
You slide downwards.
The hatch slams shut behind you.
An adder, a worm and 3 gnolls come into view.
The gnoll shouts! x2; You hear a shout!
Found 8 gold pieces, 17 sling bullets and a hand crossbow.
Found a stone staircase leading up.
A goblin comes into view. It is wielding a dagger.
The worm bites you.
* * * LOW HITPOINT WARNING * * *
Found 8 gold pieces.
Found a stone staircase leading down.
A hobgoblin comes into view. It is wielding a club.
The adder bites you.
You die...

# #.#######+#
.... #g........#
...#
.#.........#....#
.$.........#....#
.......@...#....#
.......Swwg..#
..>####..gg..# .
#......# #...$..#
#.(.....#
#......g#
....<.....
####........


You could see a worm, 3 gnolls, an adder, a dart slug, a hobgoblin and a goblin
(sleeping).

Vanquished Creatures
  A goblin (D:1)
  2 kobolds (D:1)
  A frilled lizard (D:1)
4 creatures vanquished.

Notes
Turn   | Place    | Note
-------+----------+-------------------------------------------
     0 | D:1      | Amnesiac the Mummy Necromancer began the quest for the Orb.
     0 | D:1      | Reached XP level 1. HP: 13/13 MP: 4/4
   377 | D:2      | Slain by an adder

Vault maps used:
D:1:      dpeg_arrival_oval, lexackson_kobold_supper
D:2:      grunt_temple_overflow_open, serial_curves, eino_curves_03,
          eino_curves_02

Action                   || total
-------------------------++-------
Melee: Unarmed           ||     5
 Cast: Pain              ||    11
Armor: Robe              ||     1
Dodge: Dodged            ||     5

Table legend:
 A = Spawn XP
 B = Non-spawn XP
 C = Spawn XP percentage of total XP
 D = Spawn monster count
 E = Non-spawn monster count
 F = Spawn count percentage of total count
 G = Total turns spent on level
                    A         B        C        D         E        F      G
               +---------+---------+-------+---------+---------+-------+---------
         Total |       0 |       6 |   0.0 |       0 |       4 |   0.0 |   377
               +---------+---------+-------+---------+---------+-------+---------
           D:1 |       0 |       6 |   0.0 |       0 |       4 |   0.0 |   374
               +---------+---------+-------+---------+---------+-------+---------
